 Dungeon Crawl Stone Soup version 0.28-a0-622-gbaef9634d7 (webtiles) character file.

Game seed: 16503929626920343480

45 KristoblXynda the Skirmisher (level 3, -6/31 HPs)
             Began as a Draconian Fighter on Oct 7, 2021.
             Mangled by a gnoll (7 damage)
             ... on level 2 of the Dungeon.
             The game lasted 00:01:31 (857 turns).

KristoblXynda the Skirmisher (Draconian Fighter)     Turns: 857, Time: 00:01:31

Health: -6/31      AC:  5    Str: 18    XL:     3   Next: 42%
Magic:  3/3        EV: 12    Int:  9    God:
Gold:   26         SH:  4    Dex: 10    Spells: 2/2 levels left

rFire   . . .      SeeInvis .   a - +0 long sword
rCold   . . .      Faith    .   b - +0 buckler
rNeg    . . .      Spirit   .   (armour unavailable)
rPois   .          Reflect  .   (helmet restricted)
rElec   .          Harm     .   (no cloak)
rCorr   .          Rampage  .   (no gloves)
Will    .....                   (no boots)
Stlth   +.........              (no amulet)
HPRegen 0.10/turn               (no ring)
MPRegen 0.08/turn               (no ring)

@: mighty
A: AC +5, unfitting armour, cold-blooded
a: no special abilities


You were on level 2 of the Dungeon.
You visited 1 branch of the dungeon, and saw 2 of its levels.

You collected 26 gold pieces.

Inventory:

Hand Weapons
 a - a +0 long sword (weapon)
Armour
 b - a +0 buckler (worn)
Scrolls
 e - a scroll of magic mapping {unknown}
 f - a scroll of vulnerability {unknown}
 g - a scroll of teleportation {unknown}
Potions
 c - a potion of might
 d - a potion of curing {unknown}


   Skills:
 - Level 3.4 Fighting
 * Level 2.9 Long Blades
 + Level 3.1 Dodging
 + Level 3.4 Shields


You had 2 spell levels left.
You didn't know any spells.
Your spell library was empty.

Dungeon Overview and Level Annotations

Branches:
Dungeon (2/15)

Altars:


Innate Abilities, Weirdness & Mutations

Your plain brown scales are hard. (AC +5)
You cannot fit into any form of body armour.
You are cold-blooded and may be slowed by cold attacks.


Message History

You see here a ball python corpse.
You see here a jackal corpse.
Found a scroll labelled QUERORPH XIYFIE.
g - a scroll labelled QUERORPH XIYFIE
There are no items here.
You block the gnoll's attack.
You slash the gnoll!
The gnoll is almost dead.
The gnoll misses you. You block the gnoll's attack.
You slash the gnoll!
You kill the gnoll!
The gnoll hits you from afar with a +0 spear.
* * * LOW HITPOINT WARNING * * *
Things that are here:
a +0 whip; 5 stones; a kobold corpse You see here a bat corpse.
Things that are here:
a +0 whip; 5 stones; a kobold corpse You see here a jackal skeleton.
The gnoll hits you from afar with a +0 spear!
* * * LOW HITPOINT WARNING * * *
The gnoll hits you with a +0 spear.
* * * LOW HITPOINT WARNING * * *
You hit the gnoll.
The gnoll is lightly wounded.
The gnoll closely misses you. The gnoll hits you but does no damage.
You feel very mighty all of a sudden. The gnoll barely misses you.
You barely miss the gnoll.
The gnoll is lightly wounded.
The gnoll misses you.
You barely miss the gnoll.
The gnoll is lightly wounded.
The gnoll hits you with a +0 spear.
* * * LOW HITPOINT WARNING * * *
Unknown command.
You closely miss the gnoll.
The gnoll is lightly wounded.
The gnoll hits you with a +0 spear!
You die...

####....# ###.# #g##.# #.#
#.##†# ####.#######
#.##.######### #.÷.........
#.)..........####.##.#######
####.#######....g.##.# #.#
#########.# #.# ####### #.#
#.######..@g.# #.#
#.....÷..###.####.#
########.# #.....(#
#.###.###### #.....# #######


You could see a gnoll.

Vanquished Creatures
  2 gnolls (D:2)
  2 dart slugs (D:1)
  3 ball pythons
  2 giant cockroaches (D:1)
  3 goblins (D:1)
  A hobgoblin (D:1)
  4 jackals (D:2)
  2 bats
  A kobold (D:2)
20 creatures vanquished.

Notes
Turn   | Place    | Note
-------+----------+-------------------------------------------
     0 | D:1      | KristoblXynda the Draconian Fighter began the quest for the
                  | Orb.
     0 | D:1      | Reached XP level 1. HP: 19/19 MP: 1/1
   258 | D:1      | Reached XP level 2. HP: 26/26 MP: 2/2
   708 | D:2      | Reached XP level 3. HP: 5/31 MP: 3/3
   856 | D:2      | HP: 1/31 [gnoll (3)]
   857 | D:2      | Mangled by a gnoll

Illustrated notes

Levels and vault maps discovered:
D:1:      scummos_arrival_simple_fountains, layout_loops_ring,
          ebering_dispersal_statue_hall
D:2:      layout_loops_ring, shapermc_ecumenical_altar_totnotflames,
          uniq_natasha, uniq_sigmund

Skill      XL: |  1  2 |
---------------+-------+-----
Dodging        | 3 |  3.1
Fighting       | |  3.4
Long Blades    | |  2.9
Shields        | |  3.4

Action                   || total
-------------------------++-------
Melee: Long sword        ||    49
       Tailslap          ||     6
  Use: Potion            ||     1
Armor: Skin              ||    15
Dodge: Dodged            ||    37
Block: Buckler           ||    14

Table legend: (Time is in decaauts)
 A = Elapsed time spent in this place.
 B = Non-inter-level travel time spent in this place.
 C = Inter-level travel time spent in this place.
 D = Time resting spent in this place.
 E = Time spent auto-exploring this place.
 F = Levels seen in this place.
 G = Mean time per level.
                   A        B        C        D        E       F      G
               +--------+--------+--------+--------+--------+-----+--------+
         Total |    870 |    843 |     27 |      0 |    560 |   2 |  435.0 |
       Dungeon |    870 |    843 |     27 |      0 |    560 |   2 |  435.0 |
               +--------+--------+--------+--------+--------+-----+--------+

Top non-repeatable levels by time:
     D:1: 561 daAuts
     D:2: 308 daAuts
